 Dungeon Sprint DCSS version 0.31-a0-437-g7cee417757 (webtiles) character file.

Game seed: 325662246018051881

54 Conn the Arsonist (level 7, -13/41 HPs)
             Began as an Octopode Fire Elementalist on Aug 2, 2023.
             Was an Elder of Sif Muna.
             Killed from afar by a gargoyle (21 damage)
             ... with a stone arrow
             ... in the Dungeon (Sprint VI: "Thunderdome").
             The game lasted 00:08:23 (583 turns).

Conn the Arsonist (Octopode Fire Elementalist)       Turns: 583, Time: 00:08:24

Health: -13/41     AC: -7    Str:  7    XL:     7   Next: 26%
Magic:  0/26       EV: 14    Int: 31    God:    Sif Muna [****..]
Gold:   10         SH:  0    Dex: 12    Spells: 10/20 levels left

rFire   . . .        (no weapon)
rCold   x . .        (no shield)
rNeg    + + .        (helmet restricted)
rPois   .            m - amulet of Departure {Spirit Int+3}
rElec   +            k - ring of Irrepressible Laughter {Fire Drain rElec rN+}
rCorr   +            l - ring "Meppor" {Fly Int+3}
SInv    .            n - ring of Melee {rElec rN+ Str+3 Slay+3}
Will    +++..        o - ring "Vieq" {rF- rCorr MP+9 Dex+4}
Stlth   ++++         p - ring of Attitude {rElec Will+++ Str-3 Int+6 Dex-5}
HPRegen 0.26/turn    (no ring)
MPRegen 0.20/turn    (no ring)
                     (no ring)

%: no teleportation, guardian spirit
@: corroded, flying, hasted, very quick
A: almost no armour, amphibious, 8 rings, camouflage 1, gelatinous body 1,
(nimble swimmer 1), tentacles
a: Renounce Religion, Channel Magic, Forget Spell, Divine Exegesis


You were in the Dungeon.
You worshipped Sif Muna.
Sif Muna was greatly pleased with you.
You visited 1 branch You collected 280 gold pieces.
You spent 270 gold pieces at shops.

Inventory:

Jewellery
 k - the ring of Irrepressible Laughter (left tentacle) {Fire Drain rElec rN+}
   (You bought it in a shop in the Dungeon)

   [ring of fire]

   It enhances your fire magic.
   rF:        It protects you from fire.
   rC:        It makes you vulnerable to cold.
   rElec:     It insulates you from electricity.
   rN:        It protects you from negative energy.
   Drain:     It drains your maximum health when unequipped.
 l - the ring "Meppor" (right tentacle) {Fly Int+3}
   (You bought it in a shop in the Dungeon)

   [ring of flight]

   Int:       It affects your intelligence (+3).
   Fly:       It grants you flight.
 m - the amulet of Departure (around mantle) {Spirit Int+3}
   (You bought it in a shop in the Dungeon)

   [amulet of guardian spirit]

   It causes incoming damage to be divided between your reserves of health and
   magic.
   Int:       It affects your intelligence (+3).
 n - the ring of Melee (on tentacle) {rElec rN+ Str+3 Slay+3}
   (You bought it in a shop in the Dungeon)

   [ring of positive energy]

   Str:       It affects your strength (+3).
   Slay:      It affects your accuracy & damage with ranged weapons and melee
   (+3).
   rElec:     It insulates you from electricity.
   rN:        It protects you from negative energy.
 o - the ring "Vieq" (on tentacle) {rF- rCorr MP+9 Dex+4}
   (You bought it in a shop in the Dungeon)

   [ring of magical power]

   Dex:       It affects your dexterity (+4).
   rF:        It makes you vulnerable to fire.
   MP:        It affects your magic capacity (+9).
   rCorr:     It protects you from acid and corrosion.
 p - the ring of Attitude (on tentacle) {rElec Will+++ Str-3 Int+6 Dex-5}
   (You bought it in a shop in the Dungeon)

   [ring of intelligence]

   Str:       It affects your strength (-3).
   Int:       It affects your intelligence (+6).
   Dex:       It affects your dexterity (-5).
   rElec:     It insulates you from electricity.
   Will:      It greatly increases your willpower.
Scrolls
 f - 4 scrolls of blinking
 j - 3 scrolls of fog
Potions
 a - 3 potions of magic
 b - a potion of curing
 c - a potion of heal wounds
 d - 2 potions of haste
 g - a potion of resistance


   Skills:
 + Level 0.1 Fighting
 + Level 5.1 Dodging
 - Level 6.9 Stealth
 - Level 0.3 Unarmed Combat
 + Level 7.1 Spellcasting
 + Level 3.8 Conjurations
 + Level 11.0 Fire Magic
 + Level 1.8 Evocations


You had 10 spell levels left.
You knew the following spells:

 Your Spells              Type           Power      Damage    Failure   Level
a - Foxfire               Conj/Fire      100%       2x1d9     1%          1
b - Scorch                Fire           100%       2d9       1%          2
c - Inner Flame           Hex/Fire       61%        N/A       1%          3
d - Flame Wave            Conj/Fire      72%        2d16      1%          4

Your spell library contained the following spells:

 Spells                   Type           Power      Damage    Failure   Level
 Volatile Blastmotes      Fire/Tloc      100%       2d18      1%          3


Dungeon Overview and Level Annotations

Branches:
Dungeon (1/1)

Altars:
Cheibriados
Dithmenos
Fedhas
Gozag
Kikubaaqudgha
Makhleb
Okawaru
Qazlal
Ru
Sif Muna
Trog
Uskayaw
Vehumet
Wu Jian
Xom
Yredelemnul
Zin
The Shining One
Lugonu

Shops:
D *[=??*?*:[((!!!!


Innate Abilities, Weirdness & Mutations

You cannot wear most types of armour.
You are amphibious.
You can wear up to eight rings at the same time.
Your skin changes colour to match your surroundings (Stealth+).
Your rubbery body absorbs attacks. (AC +1, EV +1)
((You are camouflaged when in or above water. (Stealth+)))
You have tentacles for arms and can constrict up to eight enemies at once.


Message History

The gargoyle is heavily damaged.
You finish channelling waves of flame.
The gargoyle is no longer more vulnerable to fire.
You feel less invigorated.
You aren't carrying any items that you can evoke.
Casting: Flame Wave (dangerous; 1% risk of failure)
Confirm with . or Enter, or press ? or * to list all spells.
You feel a surge of power!
Flames lash the earth elemental.
The earth elemental completely resists.
Unknown command.
Casting: Scorch (safe; 1% risk of failure)
Confirm with . or Enter, or press ? or * to list all spells.
You feel a surge of power!
Flames lash the rust devil but do no damage.
Unknown command.
Casting: Scorch (safe; 1% risk of failure)
Confirm with . or Enter, or press ? or * to list all spells.
You feel a surge of power!
Flames lash the gargoyle.
Flame seeps out of the gargoyle.
The gargoyle is severely damaged.
The gargoyle's fire resistance burns away.
The gargoyle is engulfed in blazing flames.
Flame seeps out of the gargoyle.
The rust devil hits you!
* * * LOW HITPOINT WARNING * * *
The rust devil corrodes you!
Casting: Scorch (safe; 1% risk of failure)
Confirm with . or Enter, or press ? or * to list all spells.
You feel a surge of power!
Flames lash the earth elemental but do no damage.
Casting: Scorch (safe; 1% risk of failure)
Confirm with . or Enter, or press ? or * to list all spells.
You feel a surge of power!
Flames lash the rust devil.
The rust devil completely resists.
The rust devil hits you.
* * * LOW HITPOINT WARNING * * *
The earth elemental barely misses you.
Unknown command.
The gargoyle hurls a stone arrow at you.
The stone arrow hits you!!
Ouch! That really hurt!
You die...

#⌠...........⌠#
######.8.........8.#####
##∩___....÷.###......___∩
###∩........8[# #.8........
##........°....###..........
#⌠..........###...###.......
#⌠.......94E# #.<.# #.......
#⌠..........###...###.......
##.........@...###..........
###∩........8.# #.8........
##∩___......###.......__∩
######.8.....E...8.#####
#⌠...........§#
###.........### #_......._#
#_......._# #_......._#


You could see an earth elemental, a rust devil and a gargoyle (inner flame,
combustible).

Vanquished Creatures
  Grinder (D)
  Sigmund (D)
  2 earth elementals (D)
  An iron imp (D)
  2 shadow imps (D)
  2 white imps (D)
  An ufetubus (D)
  A dart slug (D)
  An endoplasm (D)
  A hobgoblin (D)
  A bat (D)
14 creatures vanquished.

Vanquished Creatures (others)
  51 foxfires (D)
51 creatures vanquished.

Grand Total: 65 creatures vanquished

Notes
Turn   | Place    | Note
-------+----------+-------------------------------------------
     0 | D        | Conn the Octopode Fire Elementalist began the quest for the
                  | Orb.
     0 | D        | Reached XP level 1. HP: 11/11 MP: 3/3
     0 | D        | Found a shadowy altar of Dithmenos.
     4 | D        | Found an iron altar of Okawaru.
     4 | D        | Found a stormy altar of Qazlal.
     5 | D        | Found a shimmering blue altar of Sif Muna.
     5 | D        | Found a burning altar of Makhleb.
     5 | D        | Round 1.
     6 | D        | Found Raaphil's Do-It-Yourself Clinic.
     6 | D        | Found a glowing golden altar of the Shining One.
     6 | D        | Found a hide-covered altar of Uskayaw.
     6 | D        | Found a shimmering altar of Xom.
     6 | D        | Found Misecado's Distillery.
     7 | D        | Found Bala's Bottled Wisdom.
     7 | D        | Found Ucomm's Distillery.
    13 | D        | Became a worshipper of Sif Muna the Loreminder
    19 | D        | Found Oclotton's Weapon Rack.
    20 | D        | Found a sacrificial altar of Ru.
    20 | D        | Found a basalt altar of Yredelemnul.
    20 | D        | Found a radiant altar of Vehumet.
    20 | D        | Found Ucwy's Premium Goods.
    20 | D        | Found Xuepogecw's Basic Armour.
    20 | D        | Found Atepp's Miscellaneous Merchandise.
    23 | D        | Noticed Sigmund
    24 | D        | Found an opulent altar of Gozag.
    36 | D        | Found a snail-covered altar of Cheibriados.
    40 | D        | Found an ornate altar of the Wu Jian Council.
    40 | D        | Found Xuogah's Staff Store.
    40 | D        | Found Sashre Apter's Magic Scroll Shop.
    41 | D        | Found Waopin's Must-Have Magic.
    41 | D        | Found Beoth's Magic Scroll Shop.
    43 | D        | Found a corrupted altar of Lugonu.
    44 | D        | Found a bloodstained altar of Trog.
    46 | D        | Found a blossoming altar of Fedhas.
    49 | D        | Killed Sigmund
    50 | D        | Reached skill level 5 in Stealth
    50 | D        | Reached skill level 8 in Fire Magic
    50 | D        | Reached XP level 2. HP: 11/17 MP: 1/7
    50 | D        | Reached XP level 3. HP: 14/21 MP: 1/9
    50 | D        | Reached XP level 4. HP: 18/27 MP: 1/10
    50 | D        | Reached XP level 5. HP: 21/31 MP: 1/12
    52 | D        | Reached skill level 5 in Spellcasting
    52 | D        | Found Gaoboq's Timeless Talismans.
    52 | D        | Found an ancient bone altar of Kikubaaqudgha.
    52 | D        | Found a glowing silver altar of Zin.
    52 | D        | Found Sahap's Identification Station.
    57 | D        | Found Adois's Jewellery.
    57 | D        | Found Xint's Advanced Armour.
    65 | D        | Learned a level 2 spell: Scorch
   107 | D        | Reached * piety under Sif Muna
   110 | D        | Bought a coiled lapis lazuli ring for 45 gold pieces
   110 | D        | Identified the ring of Irrepressible Laughter {Fire Drain
                  | rElec rN+} (You bought it in a shop in the Dungeon)
   110 | D        | Bought a faintly glowing granite ring for 45 gold pieces
   110 | D        | Identified the ring "Meppor" {Fly Int+3} (You bought it in
                  | a shop in the Dungeon)
   110 | D        | Bought a clouded jade amulet for 45 gold pieces
   110 | D        | Identified the amulet of Departure {Spirit Int+3} (You
                  | bought it in a shop in the Dungeon)
   110 | D        | Bought a fine bone ring for 45 gold pieces
   110 | D        | Identified the ring of Melee {rElec rN+ Str+3 Slay+3} (You
                  | bought it in a shop in the Dungeon)
   150 | D        | Arena points: 12 (+12) [x2]
   191 | D        | Learned a level 3 spell: Inner Flame
   196 | D        | Learned a level 4 spell: Flame Wave
   220 | D        | Round 2.
   232 | D        | Reached ** piety under Sif Muna
   328 | D        | Noticed Grinder
   336 | D        | Killed Grinder
   337 | D        | Reached skill level 10 in Fire Magic
   337 | D        | Reached skill level 1 in Evocations
   337 | D        | Reached XP level 6. HP: 36/36 MP: 4/15
   356 | D        | Reached *** piety under Sif Muna
   364 | D        | Arena points: 54 (+42) [x3]
   407 | D        | Round 3.
   433 | D        | Reached skill level 5 in Dodging
   438 | D        | Bought a steaming golden ring for 45 gold pieces
   438 | D        | Identified the ring "Vieq" {rF- rCorr MP+9 Dex+4} (You
                  | bought it in a shop in the Dungeon)
   438 | D        | Bought a steaming copper ring for 45 gold pieces
   438 | D        | Identified the ring of Attitude {rElec Will+++ Str-3 Int+6
                  | Dex-5} (You bought it in a shop in the Dungeon)
   487 | D        | Reached **** piety under Sif Muna
   488 | D        | Reached XP level 7. HP: 41/41 MP: 8/17
   499 | D        | Reached skill level 11 in Fire Magic
   538 | D        | Noticed a gargoyle
   538 | D        | Noticed a rust devil
   583 | D        | Killed from afar by a gargoyle

Illustrated notes

Levels and vault maps discovered:
D:        arena_sprint

Skill      XL: |  1  2  3  4  5  6  7 |
---------------+----------------------+-----
Dodging        | 4 5 |  5.1
Stealth        | 5 6 |  6.9
Spellcasting   | 4 6 7 |  7.1
Fire Magic     | 8 10 11 | 11.0
Conjurations   | 3 |  3.8
Evocations     | 1 |  1.8
Fighting       | |  0.1
Unarmed Combat | |  0.3

Action                     |  1- 3 |  4- 6 |  7- 9 || total
---------------------------+-------+-------+-------++-------
  Melee: Unarmed           |       |    17 |    10 ||    27
         Tentacles         |       |     9 |     4 ||    13
         Constrict         |       |     1 |       ||     1
   Cast: Foxfire           |     4 |    25 |       ||    29
         Scorch            |       |     3 |     7 ||    10
         Inner Flame       |       |       |     1 ||     1
         Flame Wave        |       |       |     1 ||     1
 Invoke: Channel Magic     |       |       |     1 ||     1
  Evoke: Wand              |     2 |     8 |       ||    10
    Use: Potion            |     1 |     3 |     2 ||     6
 Armour: Skin              |       |     2 |       ||     2
  Dodge: Dodged            |       |    11 |     4 ||    15

Table legend: (Time is in decaauts)
 A = Elapsed time spent in this place.
 B = Non-inter-level travel time spent in this place.
 C = Inter-level travel time spent in this place.
 D = Time resting spent in this place.
 E = Time spent auto-exploring this place.
 F = Levels seen in this place.
 G = Mean time per level.
                   A        B        C        D        E       F      G
               +--------+--------+--------+--------+--------+-----+--------+
         Total |    562 |    562 |      0 |     38 |      0 |   1 |  562.0 |
       Dungeon |    562 |    562 |      0 |     38 |      0 |   1 |  562.0 |
               +--------+--------+--------+--------+--------+-----+--------+

Top non-repeatable levels by time:
       D: 562 daAuts
